MLB
CHICAGO CUBS @ WASHINGTON NATIONALS
04/14/2099
 
TOP OF THE 1ST
Chicago Cubs batting - Pitching for Washington Nationals : LHP Jimmy Bruder
Pitching: LHP Jimmy Bruder
Batting: RHB Armando Valenzuela 0-0: Foul Ball, location: 2F
0-1: Foul Ball, location: 2F
0-2: Ball
1-2: Fly out, F7 (Flyball, 7S, EV 91.9 MPH)
Batting: LHB Nick Criswell 0-0: Called Strike
0-1: Fly out, F8 (Line Drive, 8LM, EV 85.0 MPH)
Batting: RHB Kevin Luzzo 0-0: Foul Ball, location: 3SF
0-1: Ground out 4-3 (Groundball, 4, EV 85.0 MPH)
Top of the 1st over - 0 runs, 0 hits, 0 errors, 0 left on base; Chicago 0 - Washington 0
BOTTOM OF THE 1ST
Washington Nationals batting - Pitching for Chicago Cubs : RHP Angel Alvarez
Pitching: RHP Angel Alvarez
Batting: RHB Luis Rivera 0-0: Ball
1-0: Ground out 6-3 (Groundball, 6M, EV 105.0 MPH)
Batting: RHB Mario Garcia 0-0: Ball
1-0: Fly out, F3 (Popup, 3SF, EV 78.8 MPH)
Batting: LHB Bubba Main 0-0: Swinging Strike
0-1: Swinging Strike
0-2: Ball
1-2: Strikes out swinging
Bottom of the 1st over - 0 runs, 0 hits, 0 errors, 0 left on base; Chicago 0 - Washington 0
TOP OF THE 2ND
Chicago Cubs batting - Pitching for Washington Nationals : LHP Jimmy Bruder
Batting: LHB Elijah Fairchild 0-0: Ball
1-0: Foul Ball, location: 2LF
1-1: Swinging Strike
1-2: Foul Ball, location: 2F
1-2: Strikes out swinging
Batting: RHB Amir Shaw 0-0: Ball
1-0: Called Strike
1-1: Swinging Strike
1-2: Strikes out swinging
Batting: RHB Jaylin Tillman 0-0: Ball
1-0: Ball
2-0: Called Strike
2-1: Ball
3-1: Foul Ball, location: 3F
3-2: Strikes out swinging
Top of the 2nd over - 0 runs, 0 hits, 0 errors, 0 left on base; Chicago 0 - Washington 0
BOTTOM OF THE 2ND
Washington Nationals batting - Pitching for Chicago Cubs : RHP Angel Alvarez
Batting: RHB Jon Young 0-0: Foul Ball, location: 2F
0-1: Called Strike
0-2: Foul Ball, location: 2F
0-2: Strikes out swinging
Batting: LHB Jose Lara 0-0: Called Strike
0-1: Foul Ball, location: 9LDF
0-2: Strikes out swinging
Batting: RHB Isaiah Williams 0-0: Ball
1-0: Called Strike
1-1: Ball
2-1: Fly out, F8 (Flyball, 89M, EV 80.0 MPH)
Bottom of the 2nd over - 0 runs, 0 hits, 0 errors, 0 left on base; Chicago 0 - Washington 0
TOP OF THE 3RD
Chicago Cubs batting - Pitching for Washington Nationals : LHP Jimmy Bruder
Batting: RHB Nick Love 0-0: Swinging Strike
0-1: Swinging Strike
0-2: Ball
1-2: Ball
2-2: Strikes out swinging
Batting: RHB Chris Downs 0-0: Ground out 5-3 (Groundball, 15, EV 84.4 MPH)
Batting: LHB Brent Griffin 0-0: Foul Ball, location: 3F
0-1: Called Strike
0-2: Foul Ball, location: 2F
0-2: Ball
1-2: Strikes out swinging
Top of the 3rd over - 0 runs, 0 hits, 0 errors, 0 left on base; Chicago 0 - Washington 0
BOTTOM OF THE 3RD
Washington Nationals batting - Pitching for Chicago Cubs : RHP Angel Alvarez
Batting: SHB Kyle Spencer 0-0: Called Strike
0-1: Ball
1-1: Ball
2-1: Ball
3-1: DOUBLE (Line Drive, 3D, EV 101.3 MPH)
Batting: LHB Juan Chavez 0-0: Ball
1-0: Swinging Strike
1-1: DOUBLE (Line Drive, 78D, EV 110.0 MPH)
Kyle Spencer scores
Batting: RHB Fidel Trinidad 0-0: Swinging Strike
0-1: Ball
1-1: Ground out 6-3 (Groundball, 6, EV 88.1 MPH)
Batting: RHB Luis Rivera 0-0: Ball
1-0: Ball
2-0: Swinging Strike
2-1: Foul Ball, location: 2F
2-2: Foul Ball, location: 9LMF
2-2: Fly out, F8 (Line Drive, 8LM, EV 106.9 MPH)
Batting: RHB Mario Garcia 0-0: Ground out 5-3 (Groundball, 56, EV 102.5 MPH)
Bottom of the 3rd over - 1 run, 2 hits, 0 errors, 1 left on base; Chicago 0 - Washington 1
TOP OF THE 4TH
Chicago Cubs batting - Pitching for Washington Nationals : LHP Jimmy Bruder
Batting: RHB Armando Valenzuela 0-0: Ball
1-0: Called Strike
1-1: Fly out, F6 (Popup, 6M, EV 76.9 MPH)
Batting: LHB Nick Criswell 0-0: Ball
1-0: Ball
2-0: Foul Ball, location: 9LSF
2-1: Swinging Strike
2-2: Strikes out swinging
Batting: RHB Kevin Luzzo 0-0: Called Strike
0-1: Ball
1-1: Ball
2-1: Ball
3-1: Base on Balls
Batting: LHB Elijah Fairchild 0-0: Called Strike
0-1: Foul Ball, location: 5FF
0-2: Ball
1-2: Ball
2-2: Ball
3-2: Strikes out swinging
Top of the 4th over - 0 runs, 0 hits, 0 errors, 1 left on base; Chicago 0 - Washington 1
BOTTOM OF THE 4TH
Washington Nationals batting - Pitching for Chicago Cubs : RHP Angel Alvarez
Batting: LHB Bubba Main 0-0: Ball
1-0: Ball
2-0: Swinging Strike
2-1: Fly out, F9 (Line Drive, 89M, EV 90.6 MPH)
Batting: RHB Jon Young 0-0: Ball
1-0: Called Strike
1-1: Ball
2-1: Foul Ball, location: 23F
2-2: Hit by Pitch
Batting: LHB Jose Lara 0-0: Called Strike
0-1: Single, Error in OF, E7, batter to second base (Line Drive, 78S, EV 83.8 MPH)
Jon Young to third
Batting: RHB Isaiah Williams 0-0: Called Strike
0-1: Foul Ball, location: 2F
0-2: Strikes out looking
Batting: SHB Kyle Spencer 0-0: Called Strike
0-1: Foul Ball, location: 23FF
0-2: Foul Ball, location: 2F
0-2: Ball
1-2: SINGLE (Line Drive, 56D, EV 95.0 MPH)
Jon Young scores
Jose Lara to third
Batting: LHB Juan Chavez 0-0: Ball
1-0: Ball
2-0: Ball
3-0: Called Strike
3-1: Swinging Strike
3-2: Strikes out swinging
Bottom of the 4th over - 1 run, 2 hits, 1 error, 2 left on base; Chicago 0 - Washington 2
TOP OF THE 5TH
Chicago Cubs batting - Pitching for Washington Nationals : LHP Jimmy Bruder
Batting: RHB Amir Shaw 0-0: DOUBLE (Flyball, 89XD, EV 101.3 MPH)
Batting: RHB Jaylin Tillman 0-0: Swinging Strike
0-1: Ball
1-1: Ball
2-1: 2-RUN HOME RUN (Flyball, 78XD, EV 102.5 MPH), Distance : 415 ft
Batting: RHB Nick Love 0-0: Ball
1-0: Ball
2-0: Ball
3-0: Base on Balls
Batting: RHB Chris Downs 0-0: Foul Ball, location: 9LDF
0-1: Ball
1-1: Foul Ball, location: 23FF
1-2: Foul Ball, location: 7LSF
1-2: Ball
2-2: Strikes out swinging
Batting: LHB Brent Griffin 0-0: Ball
1-0: Ball
2-0: Foul Ball, location: 7LMF
2-1: Ball
3-1: Called Strike
3-2: Strikes out looking
Batting: RHB Armando Valenzuela 0-0: Fielders Choice at 2nd, 5-4 (Groundball, 56, EV 81.3 MPH)
Top of the 5th over - 2 runs, 2 hits, 0 errors, 1 left on base; Chicago 2 - Washington 2
BOTTOM OF THE 5TH
Washington Nationals batting - Pitching for Chicago Cubs : RHP Angel Alvarez
Batting: RHB Fidel Trinidad 0-0: Ball
1-0: Ball
2-0: Ball
3-0: Base on Balls
Batting: RHB Luis Rivera 0-0: Ball
1-0: Ball
2-0: Fielders Choice at 2nd, 5-4 (Groundball, 56, EV 90.0 MPH)
Batting: RHB Mario Garcia 0-0: Ball
1-0: Ball
2-0: Ball
3-0: Base on Balls
Luis Rivera to second
Batting: LHB Bubba Main 0-0: Called Strike
0-1: Foul Ball, location: 7LSF
0-2: SINGLE (Groundball, 6, EV 91.3 MPH)
Luis Rivera to third
Mario Garcia to second
Batting: RHB Jon Young 0-0: Called Strike
0-1: Ball
1-1: Swinging Strike
1-2: Strikes out swinging
Batting: LHB Jose Lara 0-0: Ball
1-0: Swinging Strike
1-1: Called Strike
1-2: Foul Ball, location: 25F
1-2: Foul Ball, location: 7LMF
1-2: DOUBLE (Line Drive, 9LD, EV 103.8 MPH)
Luis Rivera scores
Mario Garcia scores
Bubba Main to third
Runner from 3rd tries for Home, SAFE, throw by RF to trailing runner, SAFE at third!
Batting: RHB Isaiah Williams 0-0: Ball
1-0: Foul Ball, location: 23F
1-1: Foul Ball, location: 9LMF
1-2: 2-RUN HOME RUN (Flyball, 8LXD, EV 106.9 MPH), Distance : 426 ft
Pitching: RHP Josh Ruhe
Batting: SHB Kyle Spencer 0-0: Ball
1-0: Foul Ball, location: 3FF
1-1: Called Strike
1-2: Strikes out swinging
Bottom of the 5th over - 5 runs, 3 hits, 0 errors, 0 left on base; Chicago 2 - Washington 7
TOP OF THE 6TH
Chicago Cubs batting - Pitching for Washington Nationals : LHP Jimmy Bruder
Batting: LHB Nick Criswell 0-0: Ball
1-0: Called Strike
1-1: Fly out, F7 (Flyball, 7S, EV 88.8 MPH)
Batting: RHB Kevin Luzzo 0-0: Ball
1-0: Foul Ball, location: 2F
1-1: Hit by Pitch
Pitching: RHP Ben Bergeron
Batting: LHB Elijah Fairchild 0-0: Called Strike
0-1: Foul Ball, location: 2F
0-2: Ball
1-2: Strikes out swinging
Batting: RHB Amir Shaw 0-0: Foul Ball, location: 2F
0-1: Ball
1-1: Called Strike
1-2: Strikes out swinging
Top of the 6th over - 0 runs, 0 hits, 0 errors, 1 left on base; Chicago 2 - Washington 7
BOTTOM OF THE 6TH
Washington Nationals batting - Pitching for Chicago Cubs : RHP Josh Ruhe
Batting: LHB Juan Chavez 0-0: Foul Ball, location: 2F
0-1: Swinging Strike
0-2: Strikes out swinging
Batting: RHB Fidel Trinidad 0-0: Foul Ball, location: 2F
0-1: Ball
1-1: Ball
2-1: Foul Ball, location: 2F
2-2: Ball
3-2: Ground out 6-3 (Groundball, 6, EV 87.5 MPH)
Batting: RHB Luis Rivera 0-0: SINGLE (Line Drive, 8RS, EV 102.5 MPH)
Batting: RHB Mario Garcia 0-0: Foul Ball, location: 2F
0-1: Ball
1-1: Called Strike
1-2: Ball
2-2: Foul Ball, location: 3F
2-2: Ball
3-2: Fly out, F7 (Flyball, 7, EV 91.3 MPH)
Bottom of the 6th over - 0 runs, 1 hit, 0 errors, 1 left on base; Chicago 2 - Washington 7
TOP OF THE 7TH
Chicago Cubs batting - Pitching for Washington Nationals : RHP Ben Bergeron
Batting: RHB Jaylin Tillman 0-0: Foul Ball, location: 25F
0-1: Ball
1-1: Fly out, F8 (Flyball, 8LM, EV 77.5 MPH)
Batting: RHB Nick Love 0-0: Called Strike
0-1: Swinging Strike
0-2: Ball
1-2: Foul Ball, location: 25F
1-2: Ball
2-2: Strikes out swinging
Batting: RHB Chris Downs 0-0: SINGLE (Line Drive, 6MD, EV 99.4 MPH)
Batting: LHB Brent Griffin 0-0: Foul Ball, location: 2F
0-1: Called Strike
0-2: Strikes out looking
Top of the 7th over - 0 runs, 1 hit, 0 errors, 1 left on base; Chicago 2 - Washington 7
BOTTOM OF THE 7TH
Washington Nationals batting - Pitching for Chicago Cubs : RHP Josh Ruhe
Batting: LHB Bubba Main 0-0: Ball
1-0: Called Strike
1-1: Ball
2-1: SOLO HOME RUN (Flyball, 89XD, EV 105.6 MPH), Distance : 392 ft
Batting: RHB Jon Young 0-0: Called Strike
0-1: Ball
1-1: Ball
2-1: Swinging Strike
2-2: Strikes out swinging
Pitching: RHP Ryan Ahlstrom
Batting: LHB Jose Lara 0-0: Called Strike
0-1: Fly out, F7 (Line Drive, 7, EV 103.1 MPH)
Batting: RHB Isaiah Williams 0-0: Foul Ball, location: 2F
0-1: Ball
1-1: Swinging Strike
1-2: Foul Ball, location: 2RF
1-2: Ball
2-2: Strikes out swinging
Bottom of the 7th over - 1 run, 1 hit, 0 errors, 0 left on base; Chicago 2 - Washington 8
TOP OF THE 8TH
Chicago Cubs batting - Pitching for Washington Nationals : RHP Ben Bergeron
Batting: RHB Armando Valenzuela 0-0: Called Strike
0-1: Called Strike
0-2: Ball
1-2: Ground out 6-3 (Groundball, 6, EV 95.0 MPH)
Batting: LHB Nick Criswell 0-0: Ball
1-0: Called Strike
1-1: Fly out, F7 (Flyball, 7S, EV 77.5 MPH)
Batting: RHB Kevin Luzzo 0-0: Called Strike
0-1: Ball
1-1: SINGLE (Line Drive, 4D, EV 103.1 MPH)
Batting: LHB Elijah Fairchild 0-0: Ball
1-0: Ball
2-0: Ball
3-0: Base on Balls
Kevin Luzzo to second
Pitching: RHP Thomas Strange
Batting: RHB Amir Shaw 0-0: SINGLE (Groundball, 6MD, EV 94.4 MPH)
Kevin Luzzo to third
Elijah Fairchild to second
Runner from 3rd tries for Home, SAFE, throw by CF to home
Batting: RHB Jaylin Tillman 0-0: Called Strike
0-1: Foul Ball, location: 2F
0-2: Ball
1-2: Strikes out swinging
Top of the 8th over - 1 run, 2 hits, 0 errors, 2 left on base; Chicago 3 - Washington 8
BOTTOM OF THE 8TH
Washington Nationals batting - Pitching for Chicago Cubs : RHP Ryan Ahlstrom
Batting: SHB Kyle Spencer 0-0: Ball
1-0: Foul Ball, location: 23F
1-1: Ball
2-1: Ground out 4-3 (Groundball, 34D, EV 85.0 MPH)
Batting: LHB Juan Chavez 0-0: Swinging Strike
0-1: Ball
1-1: DOUBLE (Line Drive, 89M, EV 105.0 MPH)
Batting: RHB Fidel Trinidad 0-0: Ball
1-0: Ball
2-0: SINGLE (Groundball, 4MD, EV 98.8 MPH)
Juan Chavez to third
Batting: RHB Luis Rivera 0-0: Ball
1-0: Ball
2-0: Foul Ball, location: 2F
2-1: Foul Ball, location: 9LDF
2-2: Foul Ball, location: 3DF
2-2: Ball
3-2: SINGLE (Line Drive, 78S, EV 102.5 MPH)
Juan Chavez scores
Fidel Trinidad to second
Batting: RHB Mario Garcia 0-0: Ball
1-0: Grounds into double play, 4-6-3 (Groundball, 4, EV 85.0 MPH)
Bottom of the 8th over - 1 run, 3 hits, 0 errors, 1 left on base; Chicago 3 - Washington 9
TOP OF THE 9TH
Chicago Cubs batting - Pitching for Washington Nationals : RHP Thomas Strange
Batting: RHB Nick Love 0-0: Ball
1-0: Foul Ball, location: 3F
1-1: Foul Ball, location: 9LSF
1-2: SINGLE (Groundball, 56S, EV 85.6 MPH)
Batting: RHB Chris Downs 0-0: Foul Ball, location: 5F
0-1: Called Strike
0-2: Ball
1-2: Ball
2-2: Foul Ball, location: 2F
2-2: DOUBLE (Line Drive, 7LM, EV 99.4 MPH)
Nick Love to third
Batting: LHB Brent Griffin 0-0: Foul Ball, location: 5DF
0-1: Swinging Strike
0-2: Strikes out looking
Pinch Hitting: LHB Israel Perez 0-0: Called Strike
0-1: Foul Ball, location: 7LMF
0-2: Ball
1-2: Foul Ball, location: 3F
1-2: Ball
2-2: Strikes out swinging
Batting: LHB Nick Criswell 0-0: Ball
1-0: Ball
2-0: Swinging Strike
2-1: Foul Ball, location: 9LMF
2-2: Strikes out swinging
Top of the 9th over - 0 runs, 2 hits, 0 errors, 2 left on base; Chicago 3 - Washington 9
Wednesday, May 1st , 2024 - OOTP Baseball 24.11 Build 85